[ AOE2 MATCH · #504834271 ]
UnrankedMongols vs Goths
Player's team · LOSS
Rival team · WIN
[ REPLAY ANALYSIS · EXTRACTED FROM THE RECORDED GAME ]
Feudal
8:58
Castle
21:26
Imperial
39:50
| APM avg | 61.3 |
| APM peak | 96 |
| eAPM avg | 31.9 |
| Villagers / military | 136 / 104 |
Focus
⚔️ 46.7% · 🌾 53.3%
Mangudai ×40 · Archer ×36 · Knight ×17 · Militia ×4 · Mangonel ×4 · Monk ×3
Feudal
12:04
Castle
21:08
Imperial
37:39
| APM avg | 71.4 |
| APM peak | 134 |
| eAPM avg | 31.5 |
| Villagers / military | 150 / 225 |
Focus
⚔️ 36.5% · 🌾 63.5%
Huskarl ×133 · Spearman ×50 · Archer ×24 · Skirmisher ×7 · Mangonel ×4 · Trebuchet (Packed) ×4
Match map
Initial resources + every placement click. Lines = walls · curves = elevation contours. ◆ gold · ⬟ stone · ● berries · ✦ relic · ◌ wall gap
Your base· ✓ Closed at 21:26 · 12t walls · no gate
Mawashigeri's base· ✓ Closed at 21:08 · 56t walls · 1 gate(s)
Smoothed initial terrain · ◌ = detected wall gap · hover for details
Inputs per minute
— FYI Inc - - Mawashigeri
Build order — FYI Inc
First 150 of 407 actions detected
| 0:00 | Create | Villager (Male) |
| 0:00 | Create | Villager (Male) |
| 0:03 | Build | House |
| 0:05 | Build | House |
| 0:13 | Create | Villager (Male) |
| 0:13 | Create | Villager (Male) |
| 0:42 | Research | Loom |
| 1:03 | Create | Villager (Male) |
| 1:03 | Create | Villager (Male) |
| 1:04 | Create | Villager (Male) |
| 1:31 | Create | Villager (Male) |
| 2:15 | Build | Lumber Camp |
| 2:17 | Create | Villager (Male) |
| 2:43 | Create | Villager (Male) |
| 2:43 | Create | Villager (Male) |
| 2:51 | Create | Villager (Male) |
| 3:20 | Create | Villager (Male) |
| 3:31 | Build | House |
| 4:27 | Create | Villager (Male) |
| 4:40 | Build | Mill |
| 4:50 | Create | Villager (Male) |
| 4:54 | Build | Palisade Wall |
| 5:21 | Create | Villager (Male) |
| 5:43 | Create | Villager (Male) |
| 6:00 | Build | Palisade Wall |
| 6:01 | Build | Palisade Wall |
| 6:07 | Build | Palisade Wall |
| 6:14 | Create | Villager (Male) |
| 6:41 | Build | Barracks |
| 6:48 | Research | Feudal Age |
| 6:48 | Research | Feudal Age |
| 6:57 | Build | House |
| 7:39 | Create | Militia |
| 7:39 | Create | Militia |
| 8:44 | Build | Mining Camp |
| 8:58 | Age | Feudal Age |
| 9:02 | Create | Villager (Male) |
| 9:04 | Research | Double-Bit Axe |
| 9:11 | Create | Militia |
| 9:12 | Create | Militia |
| 9:14 | Create | Villager (Male) |
| 9:45 | Create | Villager (Male) |
| 10:01 | Build | Archery Range |
| 10:02 | Create | Villager (Male) |
| 10:13 | Build | House |
| 10:16 | Research | Town Watch |
| 10:37 | Create | Villager (Male) |
| 10:51 | Create | Archer |
| 10:52 | Create | Archer |
| 10:56 | Build | House |
| 10:59 | Create | Villager (Male) |
| 11:21 | Create | Villager (Male) |
| 11:22 | Create | Archer |
| 11:26 | Build | House |
| 11:44 | Create | Villager (Male) |
| 11:48 | Build | Farm |
| 11:50 | Build | Farm |
| 11:56 | Build | House |
| 12:13 | Build | Palisade Wall |
| 12:15 | Create | Villager (Male) |
| 12:30 | Create | Archer |
| 12:36 | Create | Villager (Male) |
| 12:48 | Build | Blacksmith |
| 12:54 | Create | Archer |
| 13:01 | Create | Villager (Male) |
| 13:18 | Build | Farm |
| 13:21 | Create | Villager (Male) |
| 13:46 | Research | Fletching |
| 13:46 | Research | Fletching |
| 13:46 | Create | Villager (Male) |
| 13:47 | Create | Villager (Male) |
| 13:47 | Create | Villager (Male) |
| 13:50 | Build | Farm |
| 13:52 | Build | Farm |
| 13:57 | Build | Farm |
| 14:00 | Build | House |
| 14:18 | Create | Archer |
| 14:47 | Create | Archer |
| 14:50 | Create | Villager (Male) |
| 14:50 | Research | Wheelbarrow |
| 14:52 | Build | House |
| 15:22 | Create | Archer |
| 15:24 | Build | Farm |
| 15:24 | Create | Villager (Male) |
| 15:27 | Build | House |
| 15:29 | Build | House |
| 15:31 | Build | House |
| 15:40 | Build | Farm |
| 15:59 | Build | House |
| 16:01 | Build | Farm |
| 16:16 | Create | Archer |
| 17:03 | Create | Archer |
| 17:10 | Build | Archery Range |
| 17:11 | Build | House |
| 17:28 | Create | Villager (Male) |
| 17:39 | Build | Farm |
| 17:41 | Create | Archer |
| 18:03 | Build | Farm |
| 18:03 | Create | Villager (Male) |
| 18:08 | Build | Lumber Camp |
| 18:29 | Build | Farm |
| 18:30 | Create | Archer |
| 18:31 | Create | Archer |
| 18:46 | Research | Castle Age |
| 18:51 | Create | Archer |
| 18:53 | Create | Archer |
| 19:06 | Research | Horse Collar |
| 19:07 | Research | Horse Collar |
| 19:08 | Create | Archer |
| 19:08 | Create | Archer |
| 19:08 | Create | Archer |
| 19:25 | Research | Padded Archer Armor |
| 19:49 | Create | Archer |
| 19:51 | Research | Gold Mining |
| 20:03 | Build | Farm |
| 20:09 | Build | Lumber Camp |
| 20:22 | Build | Farm |
| 20:22 | Build | Farm |
| 20:39 | Create | Archer |
| 21:09 | Create | Archer |
| 21:10 | Create | Archer |
| 21:26 | Age | Castle Age |
| 21:29 | Research | Crossbowman (upgrade) |
| 21:32 | Research | Bodkin Arrow |
| 22:05 | Build | Siege Workshop |
| 22:05 | Create | Archer |
| 22:12 | Create | Villager (Male) |
| 22:30 | Create | Archer |
| 22:30 | Create | Archer |
| 22:32 | Build | Farm |
| 22:33 | Create | Villager (Male) |
| 22:55 | Create | Mangonel |
| 22:56 | Build | House |
| 23:04 | Create | Villager (Male) |
| 23:04 | Research | Bow Saw |
| 23:06 | Create | Archer |
| 23:06 | Create | Archer |
| 23:06 | Create | Archer |
| 23:24 | Create | Villager (Male) |
| 23:32 | Build | House |
| 24:00 | Build | Town Center |
| 24:03 | Create | Mangonel |
| 24:11 | Build | House |
| 24:11 | Create | Villager (Male) |
| 24:34 | Build | Farm |
| 24:35 | Create | Villager (Male) |
| 24:42 | Create | Archer |
| 24:52 | Create | Villager (Male) |
| 24:52 | Create | Villager (Male) |
| 24:54 | Create | Villager (Male) |
Build order — Mawashigeri
First 150 of 581 actions detected
| 0:00 | Create | Villager (Male) |
| 0:01 | Build | House |
| 0:02 | Build | House |
| 0:06 | Create | Villager (Male) |
| 0:07 | Create | Villager (Male) |
| 0:07 | Create | Villager (Male) |
| 0:07 | Create | Villager (Male) |
| 0:08 | Research | Loom |
| 1:27 | Create | Villager (Male) |
| 1:46 | Create | Villager (Male) |
| 1:50 | Build | Lumber Camp |
| 2:20 | Create | Villager (Male) |
| 2:50 | Create | Villager (Male) |
| 2:56 | Create | Villager (Male) |
| 3:34 | Create | Villager (Male) |
| 3:55 | Build | House |
| 4:03 | Create | Villager (Male) |
| 4:32 | Build | Barracks |
| 4:36 | Create | Villager (Male) |
| 4:52 | Create | Villager (Male) |
| 4:55 | Build | House |
| 5:19 | Create | Villager (Male) |
| 5:24 | Create | Militia |
| 5:41 | Create | Militia |
| 5:50 | Create | Villager (Male) |
| 5:51 | Build | House |
| 6:04 | Create | Militia |
| 6:16 | Create | Villager (Male) |
| 6:23 | Build | Palisade Wall |
| 6:24 | Build | Palisade Wall |
| 6:27 | Build | Palisade Wall |
| 6:37 | Create | Villager (Male) |
| 6:58 | Build | Palisade Wall |
| 6:59 | Build | Palisade Wall |
| 7:07 | Create | Villager (Male) |
| 7:23 | Create | Villager (Male) |
| 7:33 | Create | Villager (Male) |
| 7:47 | Create | Villager (Male) |
| 7:49 | Build | Palisade Wall |
| 8:03 | Build | House |
| 8:21 | Create | Villager (Male) |
| 8:25 | Build | Mill |
| 8:28 | Build | Palisade Wall |
| 8:36 | Build | House |
| 8:44 | Create | Villager (Male) |
| 8:47 | Build | Mill |
| 9:06 | Build | Palisade Wall |
| 9:16 | Build | Farm |
| 9:21 | Build | Palisade Wall |
| 9:22 | Build | Palisade Wall |
| 9:43 | Create | Villager (Male) |
| 9:43 | Create | Villager (Male) |
| 9:54 | Research | Feudal Age |
| 9:55 | Research | Feudal Age |
| 10:26 | Build | Palisade Wall |
| 10:31 | Build | House |
| 10:44 | Build | Mining Camp |
| 11:25 | Create | Villager (Male) |
| 12:04 | Age | Feudal Age |
| 12:06 | Build | Archery Range |
| 12:06 | Research | Double-Bit Axe |
| 12:08 | Research | Horse Collar |
| 12:19 | Create | Villager (Male) |
| 12:25 | Build | Farm |
| 12:39 | Create | Villager (Male) |
| 12:39 | Create | Villager (Male) |
| 12:46 | Create | Archer |
| 12:56 | Create | Villager (Male) |
| 13:04 | Create | Skirmisher |
| 13:21 | Build | Blacksmith |
| 13:35 | Create | Skirmisher |
| 13:46 | Build | Farm |
| 13:50 | Build | Lumber Camp |
| 13:51 | Create | Skirmisher |
| 14:03 | Build | Palisade Wall |
| 14:04 | Build | House |
| 14:06 | Build | Palisade Wall |
| 14:08 | Research | Fletching |
| 14:16 | Create | Villager (Male) |
| 14:19 | Build | Farm |
| 14:29 | Create | Skirmisher |
| 14:30 | Create | Villager (Male) |
| 14:46 | Create | Villager (Male) |
| 14:48 | Build | Farm |
| 14:49 | Build | Farm |
| 14:50 | Create | Skirmisher |
| 14:54 | Build | Farm |
| 15:03 | Create | Villager (Male) |
| 15:03 | Create | Archer |
| 15:18 | Build | Farm |
| 15:19 | Build | Farm |
| 15:20 | Build | Farm |
| 15:38 | Create | Villager (Male) |
| 15:39 | Build | Farm |
| 15:41 | Build | Farm |
| 15:45 | Build | Farm |
| 15:49 | Create | Archer |
| 16:12 | Build | Farm |
| 16:17 | Create | Archer |
| 16:18 | Build | Farm |
| 16:23 | Create | Villager (Male) |
| 16:24 | Create | Villager (Male) |
| 16:27 | Build | Farm |
| 16:38 | Create | Skirmisher |
| 17:03 | Create | Villager (Male) |
| 17:14 | Build | Farm |
| 17:16 | Build | House |
| 17:32 | Create | Villager (Male) |
| 17:36 | Create | Skirmisher |
| 17:37 | Create | Villager (Male) |
| 17:39 | Build | Archery Range |
| 18:09 | Build | House |
| 18:29 | Research | Castle Age |
| 18:29 | Research | Castle Age |
| 18:34 | Create | Archer |
| 18:49 | Create | Archer |
| 19:02 | Create | Archer |
| 19:03 | Build | Palisade Gate |
| 19:14 | Research | Padded Archer Armor |
| 19:38 | Build | Palisade Wall |
| 19:46 | Create | Archer |
| 19:46 | Create | Archer |
| 19:54 | Create | Archer |
| 20:07 | Create | Archer |
| 20:11 | Create | Villager (Male) |
| 20:25 | Create | Archer |
| 20:31 | Build | House |
| 20:47 | Create | Archer |
| 21:05 | Build | House |
| 21:08 | Age | Castle Age |
| 21:11 | Research | Bodkin Arrow |
| 21:13 | Research | Crossbowman (upgrade) |
| 21:14 | Create | Villager (Male) |
| 21:21 | Build | Town Center |
| 21:27 | Build | University |
| 21:28 | Create | Villager (Male) |
| 21:34 | Research | Wheelbarrow |
| 21:39 | Create | Villager (Male) |
| 21:56 | Create | Villager (Male) |
| 21:57 | Create | Villager (Male) |
| 21:58 | Create | Archer |
| 21:59 | Create | Archer |
| 22:41 | Research | Ballistics |
| 22:41 | Research | Ballistics |
| 22:44 | Create | Archer |
| 22:54 | Create | Villager (Male) |
| 22:55 | Create | Villager (Male) |
| 23:02 | Create | Archer |
| 23:03 | Create | Archer |
| 23:17 | Research | Bow Saw |
Match timeline
| 4:32 | Mawashigeri · first_building Barracks |
| 4:54 | FYI Inc · wall_segment Palisade Wall x1 |
| 6:00 | FYI Inc · wall_segment Palisade Wall x1 |
| 6:01 | FYI Inc · wall_segment Palisade Wall x1 |
| 6:07 | FYI Inc · wall_segment Palisade Wall x1 |
| 6:23 | Mawashigeri · wall_segment Palisade Wall x4 |
| 6:24 | Mawashigeri · wall_segment Palisade Wall x1 |
| 6:27 | Mawashigeri · wall_segment Palisade Wall x10 |
| 6:41 | FYI Inc · first_building Barracks |
| 6:58 | Mawashigeri · wall_segment Palisade Wall x4 |
| 6:59 | Mawashigeri · wall_segment Palisade Wall x6 |
| 7:49 | Mawashigeri · wall_segment Palisade Wall x5 |
| 8:28 | Mawashigeri · wall_segment Palisade Wall x7 |
| 8:58 | FYI Inc · age_up feudal |
| 9:06 | Mawashigeri · wall_segment Palisade Wall x8 |
| 9:21 | Mawashigeri · wall_segment Palisade Wall x4 |
| 9:22 | Mawashigeri · wall_segment Palisade Wall x5 |
| 10:01 | FYI Inc · first_building Archery Range |
| 10:26 | Mawashigeri · wall_segment Palisade Wall x1 |
| 12:04 | Mawashigeri · age_up feudal |
| 12:06 | Mawashigeri · first_building Archery Range |
| 12:13 | FYI Inc · wall_segment Palisade Wall x8 |
| 14:03 | Mawashigeri · wall_segment Palisade Wall x1 |
| 14:06 | Mawashigeri · wall_segment Palisade Wall x1 |
| 19:38 | Mawashigeri · wall_segment Palisade Wall x1 |
| 21:08 | Mawashigeri · age_up castle |
| 21:26 | FYI Inc · age_up castle |
| 22:05 | FYI Inc · first_building Siege Workshop |
| 24:26 | Mawashigeri · first_building Siege Workshop |
| 26:18 | Mawashigeri · first_building Castle |
| 27:39 | FYI Inc · first_building Stable |
| 28:34 | FYI Inc · first_building Monastery |
| 32:33 | FYI Inc · first_building Castle |
| 34:18 | Mawashigeri · first_market_buy 100 food |
| 34:19 | Mawashigeri · first_market_sell 100 wood |
| 35:27 | FYI Inc · first_market_buy 100 stone |
| 36:26 | FYI Inc · first_market_sell 500 wood |
| 37:39 | Mawashigeri · age_up imperial |
| 39:50 | FYI Inc · age_up imperial |
| 43:40 | FYI Inc · resign |
[ AI ANALYSIS · 1 CREDIT ]
What really happened in this match?
Wolo.gg analyzes every decision: build order, eco, micro, common mistakes by bracket. Personalized analysis on WhatsApp or Discord in 30 seconds.
Civ guide
Mongols
Perfil
Inc